Map: [ESL] Inside and Out

Players

ByuN

  • Race: Terran Terran
  • Spawn Location: 1:00

DPGDark (Dark) - Winner!

  • Race: Zerg Zerg
  • League: Master
  • Spawn Location: 7:00

VOD

Have the link to the VOD?

Description

Time

  • Played on: Nov. 4, 2022, 7:28 a.m.
  • Length: 3:31
Show
View Real Time Build Order
Export as new Build Order

ByuN Terran 

Build Orders:  

Get SALT Encoding   

  12  0:00  SCV  
  13  0:12  SCV  
  14  0:17  Supply Depot  
  14  0:24  SCV  
  15  0:38  SCV  
  15  0:40  Barracks  
  16  0:50  SCV  
  17  1:03  SCV  
  18  1:04  Refinery  
  18  1:15  SCV  
  19  1:27  Orbital Command, Marine  
  20  1:34  Command Center  
  20  1:45  Marine  
  20  1:46  Supply Depot  
  21  1:53  SCV  
  22  2:06  Factory  
  22  2:08  SCV  
  23  2:13  Refinery  
  23  2:20  SCV  
  24  2:32  SCV  
  25  2:39  Barracks Reactor  
  25  2:44  SCV  
  25  2:46  Orbital Command  
  25  2:50  Hellion  
  28  2:51  Starport  
  28  2:56  SCV  
  29  3:08  SCV  
Show
View Real Time Build Order
Export as new Build Order

DPGDark Zerg - Winner!

Build Orders: Pool First 

Get SALT Encoding   

  12  0:00  Drone  
  13  0:12  Overlord  
  13  0:16  Drone  
  14  0:30  Drone x2  
  16  0:40  Spawning Pool  
  15  0:43  Drone  
  15  0:46  Drone  
  17  0:55  Drone  
  18  1:10  Hatchery  
  17  1:12  Extractor  
  17  1:15  Drone  
  17  1:18  Drone  
  18  1:28  Roach Warren  
  18  1:30  Zergling x2  
  18  1:41  Queen  
  20  1:48  Overlord  
  20  2:08  Roach x2  
  24  2:10  Roach  
  26  2:21  Roach  
  28  2:24  Roach  
  30  2:31  Overlord  
  30  2:43  Overlord  
  30  2:49  Queen  
  32  2:51  Ravager  
  32  2:52  Drone  
  32  2:53  Drone  
  32  2:54  Drone  
  36  3:01  Drone x2  
  38  3:07  Drone  
  39  3:16  Drone  
Tags
 
Add a new tag
Caveats
  • Supply blocks, unpowered buildings, or Contaminate may cause inaccurate times.
  • Supply counts are checked every 10 seconds.